 Dungeon Crawl Stone Soup version 0.29.0-7-g18a832c13a (webtiles) character file.

Game seed: 13269141293325226101

58 LunaticDancer the Chopper (level 4, 0/40 HPs)
             Began as a Hill Orc Fighter on Aug 31, 2022.
             Slain by a gnoll
             ... wielding a +0 whip
              (5 damage)
             ... on level 3 of the Dungeon.
             The game lasted 00:05:11 (1790 turns).

LunaticDancer the Chopper (Hill Orc Fighter)        Turns: 1790, Time: 00:05:11

Health: 0/40       AC:  7    Str: 20    XL:     4   Next: 2%
Magic:  4/4        EV:  9    Int:  8    God:
Gold:   74         SH:  9    Dex: 10    Spells: 3/3 levels left

rFire   . . .      SeeInvis .   a - +0 war axe
rCold   . . .      Faith    .   c - +0 buckler
rNeg    . . .      Spirit   .   b - +0 scale mail
rPois   .          Reflect  +   (no helmet)
rElec   .          Harm     .   (no cloak)
rCorr   .          Rampage  .   (no gloves)
Will    .....                   (no boots)
Stlth   ..........              g - amulet of reflection
HPRegen 0.13/turn               i - ring of wizardry
MPRegen 0.09/turn               (no ring)

@: no status effects
A: no striking features
a: no special abilities


You were on level 3 of the Dungeon.
You visited 1 branch of the dungeon, and saw 3 of its levels.

You collected 74 gold pieces.

Inventory:

Hand Weapons
 a - a +0 war axe (weapon)
Missiles
 p - 4 poisoned darts (quivered)
Armour
 b - a +0 scale mail (worn)
 c - a +0 buckler (worn)
Magical Staves
 m - a staff of death
Jewellery
 g - an amulet of reflection (around neck)
 i - a ring of wizardry (left hand)
Scrolls
 e - a scroll of identify {unknown}
 j - 2 scrolls of noise {unknown}
 k - a scroll of butterflies {unknown}
 n - a scroll of blinking {unknown}
 o - a scroll of silence {unknown}
 q - 2 scrolls of teleportation {unknown}
 r - 2 scrolls of magic mapping {unknown}
 s - 2 scrolls of amnesia {unknown}
Potions
 d - a potion of might
 f - a potion of haste {unknown}
 h - 2 potions of curing {unknown}
 l - a potion of brilliance {unknown}


   Skills:
 + Level 4.0 Fighting
 * Level 4.1 Axes
 + Level 3.7 Armour
 + Level 0.1 Dodging
 + Level 3.7 Shields


You had 3 spell levels left.
You didn't know any spells.
Your spell library contained the following spells:

 Spells                   Type           Power      Damage    Failure   Level
 Slow                     Hex            0%         N/A       52%         1
 Confusing Touch          Hex            0%         N/A       86%         3
 Ozocubu's Armour         Ice            0%         N/A       86%         3
 Vampiric Draining        Necr           0%         2d6       86%         3
 Metabolic Englaciation   Hex/Ice        0%         N/A       100%        5
 Simulacrum               Ice/Necr       0%         N/A       100%        6


Dungeon Overview and Level Annotations

Branches:
Dungeon (3/15)

Altars:


Message History

The gnoll shouts!
The gnoll moves out of view.
No target in view! 2 gnolls and an adder come into view.
The gnoll shouts!
The adder hisses angrily.
A gnoll comes into view. It is wielding a +0 halberd.
The adder moves out of view.
Found a leather armour.
The gnoll shouts!
A gnoll comes into view. It is wielding a +1 whip of draining.
The gnoll shouts!
You slash the gnoll!
The gnoll is almost dead.
You hit the gnoll. You closely miss the adder. You block the adder's attack.
The gnoll hits you but does no damage. The gnoll hits you with a +0 spear.
The gnoll closely misses you. The adder bites you but does no damage.
The gnoll hits you from afar with a +0 spear.
You closely miss the adder. The adder bites you but does no damage.
You block the gnoll's attack.
The gnoll hits you from afar with a +0 halberd!
The adder bites you but does no damage.
You slash the adder!
You kill the adder!
You block the gnoll's attack. x3; The gnoll closely misses you. x2
Your Axes skill increases to level 4!
You have reached level 4!
You hit the gnoll.
The gnoll is heavily wounded.
The gnoll hits you from afar with a +0 spear.
The gnoll completely misses you.
You hit the gnoll.
The gnoll is severely wounded.
You hit the gnoll. You block the gnoll's attack. x2
The gnoll hits you from afar with a +0 halberd.
* * * LOW HITPOINT WARNING * * *
The gnoll closely misses you.
The gnoll hits you from afar with a +0 halberd!
* * * LOW HITPOINT WARNING * * *
The gnoll hits you with a +0 whip.
You die...

.# #....##.# .# #.#####.#
.# #.# #.# # .# #.# #.# ..
.# #.# #.# .# .# ### #.#
#.# ..# .###†###.#####.#
####...#.
.##............###g.......
.#.#.#.#.#####.#@g........
..##.##..# #.#g#g......#
.........# #...##.#...#.
.<#.#.#.## #.### .# [.#
.#.###.## #.# .# .# ..#.
#. #.# .# # .# #. # #.# .#
#. ## #.# .# # ..#


You could see 4 gnolls.

Vanquished Creatures
  2 adders
  An orc (D:3)
  5 endoplasms
  2 giant cockroaches (D:1)
  A goblin (D:1)
  4 hobgoblins (D:1)
  3 jackals (D:3)
  4 kobolds
  2 quokkas
  2 ball pythons
  4 bats
  2 frilled lizards
  5 rats
37 creatures vanquished.

Notes
Turn   | Place    | Note
-------+----------+-------------------------------------------
     0 | D:1      | LunaticDancer the Hill Orc Fighter began the quest for the
                  | Orb.
     0 | D:1      | Reached XP level 1. HP: 19/19 MP: 1/1
   163 | D:1      | Reached XP level 2. HP: 25/27 MP: 2/2
   537 | D:1      | Found a faded altar of an unknown god.
   988 | D:2      | Reached XP level 3. HP: 33/33 MP: 3/3
  1789 | D:3      | Reached XP level 4. HP: 21/40 MP: 4/4
  1790 | D:3      | Slain by a gnoll

Illustrated notes

Levels and vault maps discovered:
D:1:      minmay_arrival_shoal_huts, layout_basic, shapermc_ecumenical_altar_gd
D:2:      layout_basic
D:3:      layout_loops_ring, uniq_crazy_yiuf_cottage

Skill      XL: |  1  2  3 |
---------------+----------+-----
Axes           | 3 4 |  4.1
Fighting       | 4 |  4.0
Armour         | |  3.7
Dodging        | |  0.1
Shields        | |  3.7

Action                   |  1- 3 |  4- 6 || total
-------------------------+-------+-------++-------
Melee: War axe           |    74 |     2 ||    76
Armor: Scale mail        |    26 |       ||    26
Dodge: Dodged            |    30 |     2 ||    32
Block: Buckler           |    57 |     2 ||    59
